 Dungeon Crawl Stone Soup version 0.23.1 (webtiles) character file.

Game seed: 6765129468407939581

205 Fang the Skirmisher (level 5, 0/34 HPs)
             Began as a Gargoyle Berserker on Mar 18, 2019.
             Was a Priest of Trog.
             Slain by a worker ant (4 damage)
             ... on level 4 of the Dungeon.
             The game lasted 00:04:39 (2273 turns).

Fang the Skirmisher (Gargoyle Berserker)            Turns: 2273, Time: 00:04:40

Health: 0/34       AC:  6    Str: 21    XL:     5   Next: 83%
Magic:  5/5        EV: 12    Int:  8    God:    Trog [***...]
Gold:   190        SH:  0    Dex:  9    Spells: 4/4 levels left

rFire    . . .     SeeInvis .   a - +0 hand axe
rCold    . . .     Gourm    .   (no shield)
rNeg     + . .     Faith    .   b - +0 animal skin
rPois    ∞         Spirit   .   (no helmet)
rElec    +         Reflect  .   k - scarf {repulsion}
rCorr    .         Harm     .   (no gloves)
MR       .....                  (no boots)
Stlth    +.........             (no amulet)
HPRegen  0.11/turn              (no ring)
MPRegen  0.09/turn              (no ring)

@: repel missiles
A: negative energy resistance 1, electricity resistance, unbreathing,
petrification resistance, rot immunity, AC +4
a: Berserk, Trog's Hand, Renounce Religion


You were on level 4 of the Dungeon.
You worshipped Trog.
Trog was most pleased with you.
You were not hungry.

You visited 1 branch of the dungeon, and saw 4 of its levels.

You collected 190 gold pieces.

Inventory:

Hand Weapons
 a - a +0 hand axe (weapon)
Armour
 b - a +0 animal skin (worn)
 k - a scarf of repulsion (worn)
 o - a scarf of cloud immunity
Scrolls
 e - 7 scrolls of teleportation {unknown}
 j - 5 scrolls of identify {unknown}
 l - 2 scrolls of fog {unknown}
 m - a scroll of magic mapping {unknown}
 q - a scroll of enchant armour {unknown}
 r - a scroll of amnesia {unknown}
 t - a scroll of remove curse {unknown}
Potions
 d - 2 potions of curing {unknown}
 g - 4 potions of lignification {unknown}
 h - a potion of magic {unknown}
 i - a potion of degeneration {unknown}
 n - a potion of haste {unknown}
 p - a potion of brilliance {unknown}
 s - a potion of berserk rage {unknown}
Comestibles
 c - 8 rations


   Skills:
 + Level 4.4 Fighting
 + Level 3.6 Axes
 + Level 3.6 Armour
 + Level 2.7 Dodging


You had 4 spell levels left.
You didn't know any spells.
Your spell library was empty.

Dungeon Overview and Level Annotations

Branches:
Dungeon (4/15)
 Temple: D:4-7

Altars:
Fedhas
Nemelex Xobeh


Innate Abilities, Weirdness & Mutations

You are resistant to torment.
Your stone body is resilient. (AC +4)
You are immune to poison.
You resist negative energy. (rN+)
You are resistant to electric shocks. (rElec)
You can survive without breathing.
You are immune to petrification.
You are immune to rotting.


Message History

You are too injured to fight recklessly!
You hit the worker ant but do no damage.
The worker ant is moderately wounded.
The worker ant bites you.
You hit the worker ant.
The worker ant is heavily wounded.
The worker ant bites you.
* * * LOW HITPOINT WARNING * * *
You closely miss the worker ant.
The worker ant is heavily wounded.
The worker ant barely misses you.
You barely miss the worker ant.
The worker ant is heavily wounded.
The worker ant bites you but does no damage.
The worker ant bites you.
* * * LOW HITPOINT WARNING * * *
You barely miss the worker ant.
The worker ant is heavily wounded.
The worker ant bites you.
You die...

##
#..##...........
#..#####.###.##
#..# #.###.#
#..# #....<#
#..# #..(..#
#..# #.....# #..
#.....#
..######...<#
......a@....#
.#####.#...##
.?....##
#.##.#### # #.
#. #. /.


You could see a worker ant.

Vanquished Creatures
  An orc priest (D:3)
  A worker ant (D:4)
  Robin (D:3)
  3 adders (D:2)
  3 oozes
  A worm (D:3)
  A dart slug (D:4)
  2 leopard geckos
  3 orcs (D:3)
  2 ball pythons
  7 bats
  4 giant cockroaches
  18 goblins
  16 hobgoblins
  8 kobolds
  A quokka (D:2)
  5 frilled lizards
  8 rats
85 creatures vanquished.

Notes
Turn   | Place    | Note
-------+----------+-------------------------------------------
     0 | D:1      | Fang the Gargoyle Berserker began the quest for the Orb.
     0 | D:1      | Reached XP level 1. HP: 14/14 MP: 1/1
    71 | D:1      | Reached XP level 2. HP: 14/19 MP: 2/2
   570 | D:1      | Reached XP level 3. HP: 18/23 MP: 3/3
   798 | D:1      | Reached ** piety under Trog
  1035 | D:2      | Reached XP level 4. HP: 24/29 MP: 4/4
  1229 | D:2      | Reached skill level 4 in Fighting
  1529 | D:3      | Noticed Robin
  1538 | D:3      | Reached *** piety under Trog
  1550 | D:3      | Killed Robin
  1550 | D:3      | Reached XP level 5. HP: 11/33 MP: 5/5
  1970 | D:3      | Found a blossoming altar of Fedhas.
  2056 | D:3      | Found a sparkling altar of Nemelex Xobeh.
  2273 | D:4      | Slain by a worker ant

Skill      XL: |  1  2  3  4 |
---------------+-------------+-----
Axes           | 3 |  3.6
Dodging        | 2 |  2.7
Armour         | 3 |  3.6
Fighting       | 4 |  4.4

Action                   |  1- 3 |  4- 6 || total
-------------------------+-------+-------++-------
Melee: Hand axe          |   139 |   173 ||   312
 Stab: Sleeping          |       |     1 ||     1
  Eat: Chunk             |     1 |     4 ||     5
Armor: Animal skin       |    54 |    58 ||   112
Dodge: Dodged            |    99 |   118 ||   217
       Deflected         |       |     2 ||     2
